 Dungeon Crawl Stone Soup version 0.23.0-3-gf3c87f2df8 (webtiles) character file.

Game seed: 1296127920269437893

102 BugRemover the Skirmisher (level 4, -2/41 HPs)
             Began as a Minotaur Berserker on Feb 20, 2019.
             Was a Believer of Trog.
             Slain by an ogre
             ... wielding a cursed -2 giant club
              (15 damage)
             ... on level 4 of the Dungeon.
             The game lasted 00:16:53 (3545 turns).

BugRemover the Skirmisher (Minotaur Berserker)      Turns: 3545, Time: 00:16:53

Health: -2/41      AC:  8    Str: 23    XL:     4   Next: 49%
Magic:  3/3        EV: 10    Int:  4    God:    Trog [**....]
Gold:   199        SH:  0    Dex:  9    Spells: 3/3 levels left

rFire    + . .     SeeInvis .   m - +0 mace
rCold    . . .     Gourm    .   (no shield)
rNeg     . . .     Faith    .   o - +0 scale mail
rPois    .         Spirit   .   (helmet restricted)
rElec    .         Reflect  .   (no cloak)
rCorr    .         Harm     .   (no gloves)
MR       .....                  g - +0 pair of boots
Stlth    ..........             (no amulet)
HPRegen  0.13/turn              t - ring of protection from fire
MPRegen  0.08/turn              x - ring of wizardry

@: no status effects
A: retaliatory headbutt, horns 2
a: Berserk, Trog's Hand, Renounce Religion


You were on level 4 of the Dungeon.
You worshipped Trog.
Trog was pleased with you.
You were not hungry.

You visited 2 branches of the dungeon, and saw 5 of its levels.

You collected 199 gold pieces.

Inventory:

Hand Weapons
 a - a +0 hand axe
 d - a +0 hand axe
 l - a +0 mace
 m - a +0 mace (weapon)
Armour
 b - a +0 animal skin
 g - a +0 pair of boots (worn)
 h - a +0 leather armour
 i - a +2 hat
 k - a +0 scale mail
 o - a +0 scale mail (worn)
Jewellery
 t - a ring of protection from fire (left hand)
 x - a ring of wizardry (right hand)
Scrolls
 f - 3 scrolls of remove curse
 j - 3 scrolls of identify {unknown}
 n - a scroll of random uselessness {unknown}
 p - a scroll of fog {unknown}
 r - a scroll of amnesia {unknown}
 s - a scroll of enchant weapon {unknown}
 u - a scroll of enchant armour {unknown}
 w - 3 scrolls of teleportation {unknown}
Potions
 e - 2 potions of might {unknown}
 q - 2 potions of flight {unknown}
 v - a potion of curing {unknown}
 z - a potion of resistance {unknown}
Comestibles
 c - 5 rations


   Skills:
 * Level 4.6 Fighting
 + Level 4.3(4.5) Axes
 + Level 1.3(3.0) Maces & Flails
 * Level 3.8 Armour
 - Level 2.3 Dodging
 + Level 0.1 Stealth


You had 3 spell levels left.
You didn't know any spells.
Your spell library was empty.

Dungeon Overview and Level Annotations

Branches:
Dungeon (4/15)             Temple (1/1) D:4

Altars:
Kikubaaqudgha
Makhleb
Okawaru
Trog
Uskayaw
Yredelemnul


Innate Abilities, Weirdness & Mutations

You reflexively headbutt those who attack you in melee.
You have a pair of horns on your head.


Message History

The ogre hits you with a cursed -2 giant club!
There is an open door, spattered with blood here.
You hit the ogre.
The ogre is lightly wounded.
The ogre barely misses you.
You sock the ogre!
The ogre is moderately wounded.
The ogre barely misses you. You furiously retaliate!
You headbutt the ogre. You sock the ogre!
The ogre is severely wounded.
The ogre barely misses you. You furiously retaliate!
You headbutt the ogre, but do no damage.
You closely miss the ogre.
The ogre is severely wounded.
The ogre hits you with a cursed -2 giant club!
Your scale mail prevents you from hitting the ogre.
You headbutt the ogre.
The ogre is almost dead.
The ogre hits you with a cursed -2 giant club!
You die...

#### #...###
.......###+###
#....#.....#
#..#.###.#
#O@.'>#.+
###.###.# ..#
#.....# ..#
###'### ..#
#..### ..######
##...##........
##............
##....#######
##...##


You could see an ogre.

Vanquished Creatures
  3 adders
  A dart slug (D:1)
  3 leopard geckos
  6 orcs
  3 bats
  3 giant cockroaches
  4 goblins
  6 hobgoblins
  10 jackals
  4 quokkas (D:3)
  6 frilled lizards
  5 kobolds
  A leopard gecko skeleton (D:4)
  5 rats
60 creatures vanquished.

Notes
Turn   | Place    | Note
-------+----------+-------------------------------------------
     0 | D:1      | BugRemover the Minotaur Berserker began the quest for the
                  | Orb.
     0 | D:1      | Reached XP level 1. HP: 19/19 MP: 0/0
   167 | D:1      | Reached XP level 2. HP: 17/27 MP: 1/1
   339 | D:1      | Found an iron altar of Okawaru.
  1616 | D:1      | Upgraded the game from 0.23.0-2-g0fe3ce5905 to
                  | 0.23.0-3-gf3c87f2df8
  1644 | D:2      | Found a bloodstained altar of Trog.
  1689 | D:2      | Reached XP level 3. HP: 33/33 MP: 2/2
  1726 | D:2      | Reached ** piety under Trog
  2467 | D:3      | Reached skill level 1 in Maces & Flails
  2912 | D:3      | Reached XP level 4. HP: 36/41 MP: 3/3
  3501 | D:4      | Found a staircase to the Ecumenical Temple.
  3510 | Temple   | Entered the Ecumenical Temple
  3539 | D:4      | Noticed an ogre
  3545 | D:4      | Slain by an ogre

Skill      XL: |  1  2  3 |
---------------+----------+-----
Axes           | 4 |  4.3
Fighting       | 4 |  4.6
Armour         | 3 |  3.8
Maces & Flails | 1 |  1.3
Dodging        | |  2.3
Stealth        | |  0.1

Action                   |  1- 3 |  4- 6 || total
-------------------------+-------+-------++-------
Melee: Hand axe          |    35 |       ||    35
       Mace              |    75 |    33 ||   108
       Headbutt          |    10 |     6 ||    16
  Use: Scroll            |     1 |       ||     1
  Eat: Chunk             |     3 |     2 ||     5
       Ration            |     1 |       ||     1
Armor: Animal skin       |     3 |       ||     3
       Scale mail        |    52 |    12 ||    64
       Leather armour    |     4 |       ||     4
Dodge: Dodged            |    70 |    17 ||    87
